 Dungeon Crawl Stone Soup version 0.16-a0-3855-gd2600ac (console) character file.

56889 MrRokkomies the Basher (level 14, -2/81 HPs)
             Began as a Vine Stalker Berserker on Jan 30, 2015.
             Was the Champion of Trog.
             Slain by an alligator simulacrum (6 damage)
             ... in an ice cave on Jan 31, 2015.
             The game lasted 01:20:15 (17506 turns).

MrRokkomies the Basher (Vine Stalker Berserker)    Turns: 17506, Time: 01:20:15

Health: -2/81      AC: 19    Str: 23    XL:     14   Next: 83%
Magic:  0/12       EV: 11    Int:  7    God:    Trog [******]
Gold:   1232       SH: 12    Dex: 18    Spells: 0 memorised, 13 levels left

rFire  x . .     SeeInvis .     a - +1 eveningstar (antimagic)
rCold  + . .     Clarity  .     z - +6 ring mail "Dutyepul" {MP+9 Str+2}
rNeg   . . .     SustAb   .     t - +0 shield
rPois  .         Gourm    .     W - +2 helmet
rElec  .         Spirit   +     (no cloak)
rCorr  .         Warding  .     u - +0 pair of gloves
rMut   .         Stasis   .     F - +0 pair of boots {Stlth+}
MR     +....                    (no amulet)
Stlth  ++........               Q - ring of ice
                                T - ring of magical power

@: studying Fighting, somewhat resistant to hostile enchantments, unstealthy
A: fangs 3, regeneration 3, magic shield, antimagic bite, no device heal 3, rot
immunity
a: Burn Spellbooks, Berserk, Trog's Hand, Brothers in Arms, Renounce Religion


You were in an ice cave.
You worshipped Trog.
Trog was exalted by your worship.
You were hungry.

You visited 3 branches of the dungeon, and saw 21 of its levels.
You also visited: Ice Cave.

You collected 1461 gold pieces.
You spent 229 gold pieces at shops.

Inventory:

Hand weapons
 a - a +1 antimagic eveningstar (weapon)
 b - the +9 blowgun "Wudukhla" {speed, -Tele MR- MP+9 Int+4 Stlth+}
   (You found it on level 7 of the Dungeon)

   Attacks with this weapon are significantly faster.
   It affects your intelligence (+4).
   It affects your resistance to hostile enchantments.
   It affects your magic capacity (+9).
   It prevents most forms of teleportation.
   It makes you more stealthy.
Missiles
 m - 64 poisoned needles
 n - 3 needles of confusion
 C - 33 tomahawks (quivered)
 E - 7 javelins of penetration
 U - 2 curare-tipped needles
 Y - 4 throwing nets
Armour
 t - a +0 shield (worn)
 u - a +0 pair of gloves (worn)
 z - the +6 ring mail "Dutyepul" (worn) {MP+9 Str+2}
   (You found it on level 6 of the Dungeon)

   It affects your strength (+2).
   It affects your magic capacity (+9).
 F - a +0 pair of boots of stealth (worn)
 W - a +2 helmet (worn)
Jewellery
 r - an uncursed amulet of stasis
 H - a +3 ring of slaying
 Q - a ring of ice (right hand)
 T - a ring of magical power (left hand)
Magical devices
 f - a wand of cold (7)
 h - a wand of fireball (3)
 p - a wand of lightning (2)
 s - a wand of teleportation (2)
 v - a wand of paralysis (9)
 w - a wand of confusion (17)
 L - a wand of cold (11)
 N - a wand of disintegration (14)
 X - a wand of digging (13)
Scrolls
 i - 10 scrolls of remove curse
 A - 2 scrolls of fear
 B - 2 scrolls of identify
 G - 5 scrolls of teleportation
 J - 2 scrolls of blinking
 O - a scroll of recharging
 P - a scroll of magic mapping
 S - 3 scrolls of immolation
Potions
 d - 2 potions of flight
 j - 8 potions of curing
 k - a potion of magic
 o - a potion of ambrosia
 y - a potion of might
 I - 2 potions of resistance
Books
 e - a manual of Fighting
Miscellaneous
 K - a stone of tremors
 Z - a fan of gales
Comestibles
 c - 14 bread rations
 g - 8 meat rations
 l - 15 fruits
 x - 6 slices of pizza
 D - a royal jelly
 M - 7 beef jerkies


   Skills:
 + Level 12.8 Fighting
 - Level 14.0 Maces & Flails
 * Level 7.1 Throwing
 - Level 9.0 Armour
 - Level 2.1 Dodging
 * Level 8.6 Shields


You had 13 spell levels left.
You didn't know any spells.

Dungeon Overview and Level Annotations

Branches:
Dungeon (12/15)            Temple (0/1) D:4            Lair (8/8) D:8
  Swamp (0/5) Lair:6        Snake (0/5) Lair:3        Slime (0/6) Lair:8
    Orc (1/4) D:12

Altars:
Cheibriados
Elyvilon
Gozag
Qazlal
Sif Muna
Yredelemnul
The Shining One
Beogh
Jiyva

Shops:
D:8 (   D:10 *


Innate Abilities, Weirdness & Mutations

You have razor-sharp teeth.
You regenerate.
When hurt, damage is shared between your health and your magic reserves.
Your bite disrupts and absorbs the magic of your enemies.
Potions and wands cannot restore your health.
You are immune to rotting.


Message History

The alligator simulacrum closely misses you.
You block the wolf simulacrum's attack.
You thump the alligator simulacrum! You block the wolf simulacrum's attack.
You block the alligator simulacrum's attack.
The alligator simulacrum tail-slaps you.
The alligator simulacrum freezes you! You resist.
You hit the alligator simulacrum but do no damage.
You bite the alligator simulacrum, but do no damage.
The wolf simulacrum closely misses you. You block the wolf simulacrum's attack.
Your shield and ring mail "Dutyepul" prevent you from hitting the alligator simulacrum.
You bite the alligator simulacrum, but do no damage.
The alligator simulacrum bites you!
* * * LOW HITPOINT WARNING * * *
The alligator simulacrum freezes you! You resist.
* * * LOW HITPOINT WARNING * * *
The alligator simulacrum tail-slaps you!
* * * LOW HITPOINT WARNING * * *
The alligator simulacrum freezes you! You resist.
You die...

#### ##..##
###....##
...##..Z....#
#......Z@.∩.#
##..........#
##..##....##
## ##..##
####


You could see a wolf simulacrum and an alligator simulacrum.

Vanquished Creatures
  Gastronok (D:12)
  Harold (Lair:6)
  A naga warrior (Lair:3)
  Nessos (D:11)
  7 hydras
  Erica (D:12)
  The ghost of wojtek the Slicer, a powerful KoAs of Makhleb (D:10)
  12 death yaks
  Nergalle (Lair:2)
  3 catoblepae (Lair:8)
  3 unseen horrors
  Erolcha (D:9)
  3 hill giants
  A lindwurm (Lair:8)
  Pikel (D:5)
  3 ugly things
  Maurice (D:11)
  A cyclops (D:11)
  7 spiny frogs
  2 centaur zombies
  Joseph (D:11)
  4 elephants
  3 black mambas
  Psyche (D:11)
  7 komodo dragons
  3 fire drakes
  3 blink frogs (Lair:8)
  A wandering mushroom (Lair:8)
  A boulder beetle (D:7)
  A basilisk (Lair:2)
  A vampire (D:9)
  A deep elf mage (D:12)
  9 wolves
  Eustachio (D:5)
  2 death yak simulacra (IceCv)
  44 yaks
  5 vampire mosquitoes (D:12)
  5 hippogriffs
  A deep elf fighter (D:8)
  2 hungry ghosts
  2 insubstantial wisps (Lair:6)
  A soldier ant (D:11)
  13 porcupines
  15 water moccasins
  6 orc warriors
  3 slaves (D:5)
  An ice beast (D:8)
  6 nagas (Lair:3)
  A necrophage (D:9)
  2 centaurs
  4 sky beasts
  A phantom (D:6)
  A wasp (D:12)
  3 boring beetles
  3 ogres
  16 crocodiles
  3 big kobolds (D:10)
  Sigmund (D:5)
  20 giant frogs
  A wyvern zombie (D:9)
  3 scorpions
  2 electric eels (D:11)
  7 killer bees
  8 crimson imps
  8 orc priests
  3 giant frog zombies
  11 hounds
  6 iguanas
  2 goliath beetles
  A centaur skeleton (D:4)
  10 orc wizards
  3 giant frog skeletons
  8 worker ants
  30 sheep
  27 adders
  2 worker ant zombies
  5 gnolls
  77 river rats
  3 shadow imps
  4 giant mites
  4 worms
  2 adder zombies
  5 giant geckos
  An ooze (D:3)
  52 orcs
  16 bats
  12 goblins
  18 hobgoblins
  2 jackals (D:4)
  10 quokkas
  9 ball pythons
  4 giant cockroaches
  A giant cockroach zombie (D:5)
  7 giant newts
  11 kobolds
  A quokka zombie (D:8)
  21 rats
  A bush (Lair:7)
  A plant (D:11)
649 creatures vanquished.

Vanquished Creatures (collateral kills)
  2 death yaks (Lair:8)
  A blink frog (Lair:8)
  An orc warrior (Orc:1)
  4 orc priests (Orc:1)
  An orc wizard (Orc:1)
  6 river rats (Lair:8)
  7 orcs (Orc:1)
  A goblin (Orc:1)
23 creatures vanquished.

Vanquished Creatures (others)
  A deep troll (Lair:8)
  A quokka (D:6)
  A bush (Lair:6)
  A fungus (Lair:3)
4 creatures vanquished.

Grand Total: 676 creatures vanquished

Notes
Turn   | Place    | Note
--------------------------------------------------------------
     0 | D:1      | MrRokkomies, the Vine Stalker Berserker, began the quest for the Orb.
     0 | D:1      | Reached XP level 1. HP: 11/11 MP: 1/1
   124 | D:1      | Reached XP level 2. HP: 13/16 MP: 3/3
   355 | D:1      | Reached skill level 3 in Fighting
   389 | D:1      | Acquired Trog's second power
   708 | D:2      | Reached XP level 3. HP: 8/20 MP: 2/4
  1047 | D:2      | Reached XP level 4. HP: 19/24 MP: 5/5
  1684 | D:3      | Reached XP level 5. HP: 23/28 MP: 7/7
  1821 | D:3      | Found a deep blue altar of Sif Muna.
  2028 | D:3      | Found a glowing golden altar of the Shining One.
  2038 | D:3      | Reached skill level 4 in Maces & Flails
  2110 | D:3      | Acquired Trog's third power
  2301 | D:4      | Gained mutation: You heal very quickly. [vine stalker growth]
  2301 | D:4      | Reached XP level 6. HP: 31/33 MP: 8/8
  2421 | D:4      | Got a tattered robe
  2443 | D:4      | Identified the +2 robe "Khaomuwe" {rC+ rN++} (You found it on level 4 of the Dungeon)
  2520 | D:4      | Found a snail-covered altar of Cheibriados.
  2530 | D:4      | Reached XP level 7. HP: 30/37 MP: 9/9
  2581 | D:4      | Found a staircase to the Ecumenical Temple.
  2665 | D:4      | Noticed an ogre
  2682 | D:4      | Killed an ogre
  2682 | D:4      | Reached skill level 5 in Maces & Flails
  2849 | D:5      | Entered Level 5 of the Dungeon
  3142 | D:5      | Noticed Eustachio
  3178 | D:5      | Killed Eustachio
  3283 | D:5      | Noticed Pikel
  3295 | D:5      | Killed Pikel
  3295 | D:5      | Reached skill level 5 in Fighting
  3295 | D:5      | Reached skill level 6 in Maces & Flails
  3295 | D:5      | Reached skill level 5 in Armour
  3295 | D:5      | Gained mutation: You have razor-sharp teeth. [vine stalker growth]
  3295 | D:5      | Reached XP level 8. HP: 34/43 MP: 7/11
  3465 | D:5      | Noticed Sigmund
  3482 | D:5      | Killed Sigmund
  3853 | D:6      | Got a diamond-studded ring mail
  3864 | D:6      | Identified the +6 ring mail "Dutyepul" {MP+9 Str+2} (You found it on level 6 of the Dungeon)
  4019 | D:6      | Found a white marble altar of Elyvilon.
  4097 | D:6      | Found a glowing golden altar of the Shining One.
  4098 | D:6      | Noticed an angel
  4121 | D:6      | Found a basalt altar of Yredelemnul.
  4122 | D:6      | Noticed a profane servitor
  4208 | D:6      | Reached skill level 7 in Maces & Flails
  4304 | D:6      | Reached XP level 9. HP: 45/47 MP: 12/12
  5184 | D:7      | Noticed a hill giant
  5266 | D:7      | Killed a hill giant
  5266 | D:7      | Reached skill level 8 in Maces & Flails
  5328 | D:7      | Got a polished blowgun
  5366 | D:7      | Identified the +9 blowgun "Wudukhla" {speed, -Tele MR- MP+9 Int+4 Stlth+} (You found it on level 7 of the Dungeon)
  5771 | D:8      | Received a gift from Trog
  5772 | D:8      | Got a scorched morningstar {god gift}
  5773 | D:8      | Identified the +5 morningstar "Cejuse" {crush, -Tele +Inv rElec rPois+ Int+8} (Trog gifted it to you on level 8 of the Dungeon)
  5894 | D:8      | Found a stormy altar of Qazlal.
  5979 | D:8      | Found a staircase to the Lair.
  5984 | D:8      | Reached XP level 10. HP: 53/53 MP: 13/13
  6038 | D:8      | Found Dehaum's Antique Weapon Shop.
  6064 | D:8      | Bought an ebony flail for 229 gold pieces
  6064 | D:8      | Identified the +2 flail of the Coin {holy, rElec Str-5 Int+6} (You bought it in a shop on level 8 of the Dungeon)
  6148 | Lair:1   | Entered Level 1 of the Lair of Beasts
  6163 | Lair:1   | Noticed a black mamba
  6172 | Lair:1   | Killed a black mamba
  6252 | Lair:1   | Reached skill level 9 in Maces & Flails
  6297 | Lair:1   | Noticed a seven-headed hydra
  6301 | Lair:1   | Killed a seven-headed hydra
  6497 | Lair:1   | Noticed an eight-headed hydra
  6507 | Lair:1   | Killed an eight-headed hydra
  6520 | Lair:1   | Reached XP level 11. HP: 42/58 MP: 15/15
  6522 | Lair:1   | Reached skill level 10 in Maces & Flails
  6657 | Lair:1   | Received a gift from Trog
  7032 | Lair:2   | Reached skill level 1 in Shields
  7241 | Lair:2   | Noticed Nergalle
  7284 | Lair:2   | Killed Nergalle
  7583 | Lair:3   | Noticed a seven-headed hydra
  7592 | Lair:3   | Killed a seven-headed hydra
  7777 | Lair:3   | Reached skill level 11 in Maces & Flails
  7821 | Lair:3   | Noticed a naga warrior
  7822 | Lair:3   | Found a staircase to the Snake Pit.
  7837 | Lair:3   | Killed a naga warrior
  7837 | Lair:3   | Reached skill level 5 in Shields
  7840 | Lair:3   | Gained mutation: You regenerate. [vine stalker growth]
  7840 | Lair:3   | Reached XP level 12. HP: 53/65 MP: 16/16
  8434 | Lair:4   | Received a gift from Trog
  8586 | Lair:4   | You fall through a shaft for 3 floors!
  8788 | Lair:6   | Noticed Harold
  8797 | Lair:6   | Reached skill level 12 in Maces & Flails
  8800 | Lair:6   | Killed Harold
  8800 | Lair:6   | Received a gift from Trog
  9092 | Lair:6   | Found a staircase to the Swamp.
  9808 | Lair:5   | Reached skill level 1 in Throwing
  9979 | Lair:5   | Reached XP level 13. HP: 70/70 MP: 17/17
 10599 | Lair:4   | Received a gift from Trog
 11093 | Lair:4   | Received a gift from Trog
 11098 | Lair:4   | Upgraded the game from 0.16-a0-3841-g2612308 to 0.16-a0-3855-gd2600ac
 11196 | Lair:7   | Reached skill level 10 in Fighting
 11918 | Lair:8   | Entered Level 8 of the Lair of Beasts
 11918 | Lair:8   | Found a stormy altar of Qazlal.
 11930 | Lair:8   | Found a staircase to the Slime Pits.
 11930 | Lair:8   | Found a viscous altar of Jiyva.
 12078 | Lair:8   | Reached skill level 13 in Maces & Flails
 12874 | Lair:8   | Reached XP level 14. HP: 79/79 MP: 18/18
 14097 | D:9      | Noticed Erolcha
 14113 | D:9      | Killed Erolcha
 14113 | D:9      | Reached skill level 14 in Maces & Flails
 14153 | D:9      | Received a gift from Trog
 14174 | D:9      | Found an opulent altar of Gozag.
 14186 | D:9      | Reached skill level 5 in Throwing
 14549 | D:10     | Entered Level 10 of the Dungeon
 14657 | D:10     | Noticed wojtek's ghost (powerful KoAs)
 14664 | D:10     | Killed wojtek's ghost
 14797 | D:10     | Found Cryilo's Demolitions Depot.
 15412 | D:11     | Noticed Maurice
 15419 | D:11     | Killed Maurice
 15455 | D:11     | Noticed Psyche
 15461 | D:11     | Killed Psyche
 15486 | D:11     | Noticed Nessos
 15495 | D:11     | Killed Nessos
 15495 | D:11     | Received a gift from Trog
 15612 | D:11     | Noticed Joseph
 15624 | D:11     | Killed Joseph
 16249 | D:12     | Noticed Gastronok
 16269 | D:12     | Killed Gastronok
 16292 | D:12     | Found a glowing golden altar of the Shining One.
 16633 | D:12     | Found a roughly hewn altar of Beogh.
 16633 | D:12     | Found a staircase to the Orcish Mines.
 16652 | D:12     | Received a gift from Trog
 16851 | D:12     | Noticed Erica
 16863 | D:12     | Killed Erica
 17247 | Orc:1    | Entered Level 1 of the Orcish Mines
 17481 | Orc:1    | Found a frozen archway.
 17487 | IceCv    | Entered an ice cave
 17506 | IceCv    | HP: 4/81 [alligator simulacrum (7)]
 17506 | IceCv    | Slain by an alligator simulacrum

Action                   |  1- 3 |  4- 6 |  7- 9 | 10-12 | 13-15 || total
-------------------------+-------+-------+-------+-------+-------++-------
Melee: Mace              |    78 |    70 |       |       |       ||   148
       Flail             |       |   109 |   115 |       |       ||   224
       Whip              |       |       |   201 |     7 |     5 ||   213
       Morningstar       |       |       |       |   442 |   494 ||   936
       Great mace        |       |       |       |    12 |       ||    12
       Unarmed           |       |       |       |    38 |       ||    38
       Eveningstar       |       |       |       |       |   227 ||   227
 Fire: Blowgun           |       |       |    22 |       |       ||    22
Throw: Stone             |       |       |     7 |     7 |       ||    14
       Tomahawk          |       |       |       |       |     8 ||     8
Invok: Berserk           |       |       |     3 |     6 |     1 ||    10
       Brothers in Arms  |       |       |       |       |     4 ||     4
       Burn Spellbooks   |       |       |       |       |     2 ||     2
Evoke: Wand              |       |       |       |     1 |       ||     1
  Use: Scroll            |     7 |     9 |     6 |     3 |     5 ||    30
       Potion            |       |       |     1 |     5 |     4 ||    10
 Stab: Sleeping          |       |       |     1 |     6 |     6 ||    13
       Distracted        |       |       |       |       |     1 ||     1
       Petrifying        |       |       |       |       |     1 ||     1
  Eat: Chunk             |       |     5 |    14 |    20 |    26 ||    65
       Fruit             |       |       |     1 |       |       ||     1
